[Event "Early-Titled-Tuesday-Blitz-February-13-2024"]
[Site "Chess.com"]
[Date "2024.02.13"]
[Round "11"]
[White "Lion-Al-Messi"]
[Black "Der_Balak_3Halak"]
[Result "1-0"]
[WhiteElo "2563"]
[BlackElo "2442"]
[TimeControl "180+1"]
[EndTime "10:09:00 PST"]
[Termination "Lion-Al-Messi won by resignation"]

1. e4 c5 2. Nf3 Nc6 3. d4 cxd4 4.
Nxd4 Nf6 5. Nc3 Nxd4 6. Qxd4 d6 7.
Bg5 g6 8. Bxf6 exf6 9. Bb5+ Bd7 10. Bxd7+ Kxd7 11. O-O-O Be7 12. Nd5 Ke8 13. h4 h5 14. Rh3 Kf8 15. Rf3 Kg7 16. Nxe7 Qxe7 17. Qxd6 Rhe8 18. Qxe7 Rxe7 19. Rd6 Rxe4 20. Rdxf6 Rf8 21.
R6f4 Re1+ 22. Kd2 Rfe8 23. Rxf7+ Kg8 24. Rxb7 R1e2+ 25. Kd3 R2e6 26. Re3 Rd6+ 27. Ke2 Red8 28. Rd3 Re6+ 29. Kd2 Rde8 30. Rdd7 Re2+ 31. Kd3 Rxf2 32. Rg7+ Kf8 33. Rxg6 Rd8+ 34. Ke3 Rxc2 35. Rxa7 Rxb2 36. Rh6 Rxg2 37. Rh8+ Rg8 38. Rxg8+ Kxg8 39. Kf4 Rd5 40. a4 Kf8 41. a5 Kg8 42. a6 Rb5 43. Rb7 Ra5 44. a7 Ra4+ 45. Kg5 Ra5+ 46. Kg6 Ra6+ 47. Kxh5 Ra5+ 48. Kg6 Ra6+ 49. Kf5 Ra5+ 50. Ke6 Ra6+ 51. Ke7 Kg7 52. Kd8+ Kh6 53. Kc8 Kh5 54. Kb8 1-0

[Event "Early-Titled-Tuesday-Blitz-February-13-2024"]
[Site "Chess.com"]
[Date "2024.02.13"]
[Round "11"]
[White "Som2310"]
[Black "Karttunen"]
[Result "1-0"]
[WhiteElo "2813"]
[BlackElo "2640"]
[TimeControl "180+1"]
[EndTime "10:09:01 PST"]
[Termination "Som2310 won by resignation"]

1. e4 c5 2. Nf3 d6 3. d4 cxd4 4. Nxd4 Nf6 5. Nc3 a6 6. Bc4 e6 7. Bb3 b5 8. O-O Qc7 9. f4 Be7 10. f5 e5 11. Nde2 Bb7 12. Bg5 Nbd7 13. a3 O-O 14.
Ng3 h6 15. Bxf6 Nxf6 16. Nh5 Nxh5 17. Qxh5 Qc5+ 18. Kh1 Qe3 19. Rae1 Qg5 20. Qe2 Rac8 21. Rf3 Rc5 22. Rg3 Qf6 23. Bd5 Bxd5 24. Nxd5 Rxd5 25.
exd5 Qxf5 26. a4 Bh4 27. Rf1 Qd7 28. Rg4 Bd8 29. axb5 axb5 30. Rb4 f5 31. Qxb5 Qf7 32. Qb7 Qg6 33. Qd7 f4 34. Rb8 Bg5 35. Rxf8+ Kxf8 36. Ra1 Be7 37. Qe6 Qxe6 38. dxe6 g5 39. b4 e4 40. b5 Bd8 41. Ra7 e3 42. Kg1 e2 43.
Rf7+ Ke8 44. Kf2 1-0

[Event "Early-Titled-Tuesday-Blitz-February-13-2024"]
[Site "Chess.com"]
[Date "2024.02.13"]
[Round "11"]
[White "Gabrielian_Artur"]
[Black "AttackSparrow"]
[Result "0-1"]
[WhiteElo "2777"]
[BlackElo "2640"]
[TimeControl "180+1"]
[EndTime "10:09:03 PST"]
[Termination "AttackSparrow won by resignation"]

1. e4 e5 2. Nf3 Nc6 3. Bc4 Nf6 4.
d3 Be7 5. O-O O-O 6. Re1 d6 7.
a4 Na5 8. Ba2 c5 9. Nbd2 Nc6 10.
c3 h6 11. Nc4 Be6 12. Bd2 Re8 13. b4 cxb4 14. cxb4 d5 15. Ncxe5 Nxb4 16. Bb3 a5 17. h3 Bc5 18. Rc1 Qb6 19. Qe2 dxe4 20. Bxe6 Rxe6 21. dxe4 Rae8 22. Bc3 Nxe4 23. Qxe4 Bxf2+ 24. Kh2 Bxe1 25. Bxe1 f6 26. Nc4 Rxe4 27. Nxb6 Nd3 28. Rc7 Nxe1 29. Nh4 Rxh4 0-1

[Event "Early-Titled-Tuesday-Blitz-February-13-2024"]
[Site "Chess.com"]
[Date "2024.02.13"]
[Round "11"]
[White "vishwa_vijeta"]
[Black "PositionalPanther"]
[Result "0-1"]
[WhiteElo "2611"]
[BlackElo "2465"]
[TimeControl "180+1"]
[EndTime "10:09:06 PST"]
[Termination "PositionalPanther won by resignation"]

1. e4 e6 2. d4 d5 3. exd5 exd5 4. Nf3 Nc6 5. c3 Bd6 6. Bd3 Nge7 7. O-O Bf5 8. Bxf5 Nxf5 9. Re1+ Nfe7 10. Qb3 Rb8 11. g3 O-O 12. Nbd2 b5 13. Kg2 b4 14. c4 Na5 15. Qc2 c6 16. b3 Qd7 17. Bb2 Qf5 18.
Qxf5 Nxf5 19. cxd5 cxd5 20. Rac1 f6 21. g4 Ne7 22.
Re6 Rfd8 23. Rce1 Ng6 24. Kf1 Nf4 25. R6e3 Rbc8 26. g5 Kf7 27. gxf6 gxf6 28. Nh4 Rc2 29. Bc1 Rdc8 30. Nf5 Bf8 31. Rf3 Ng6 32. Nc4 dxc4 33. Bg5 cxb3 34. Nd6+ Bxd6 35. Rxf6+ Kg7 0-1

[Event "Early-Titled-Tuesday-Blitz-February-13-2024"]
[Site "Chess.com"]
[Date "2024.02.13"]
[Round "11"]
[White "db-banana"]
[Black "Mikasinski"]
[Result "0-1"]
[WhiteElo "2484"]
[BlackElo "2640"]
[TimeControl "180+1"]
[EndTime "10:09:07 PST"]
[Termination "Mikasinski won by resignation"]

1. e4 c5 2. Nf3 d6 3. d4 cxd4 4. Nxd4 Nf6 5. Nc3 g6 6. Be3 Bg7 7. f3 O-O 8. Qd2 Nc6 9. Bc4 Bd7 10. O-O-O Rc8 11. Bb3 Ne5 12. g4 Qa5 13. Kb1 Rxc3 14. Qxc3 Qxc3 15. bxc3 Rc8 16. h4 Rxc3 17. Bd2 Rc7 18.
h5 b6 19. hxg6 hxg6 20. Bh6 a5 21. Bxg7 Kxg7 22. Rdg1 a4 23. Nf5+ Bxf5 24. gxf5 axb3 25. axb3 Nxf3 26. Rg2 Nxe4 27. fxg6 fxg6 28. Kb2 Ne5 29. Re1 Nc5 30. Rh1 Rc8 31. Rgh2 Kf6 32. Rf1+ Ke6 33. Rh7 g5 34. Rg7 g4 35. Re1 Kf6 36. Rh7 Rg8 37.
Rf1+ Ke6 38. Rh6+ Kd7 39. Rd1 g3 40. Rh5 g2 41. Rxe5 g1=Q 42. Rxg1 Rxg1 43. Rh5 Rg2 44.
Rh3 e5 45. Kc3 Kc6 46. Rh8 Kd5 47. b4 Ne4+ 48. Kb3 b5 49. Rb8 Kc6 50. Rc8+ Kd7 51.
Rb8 Rg3+ 52. Kb2 Nc3 53. Ra8 Kc6 54. Rc8+ Kd5 55. Rxc3 Rxc3 56. Kxc3 e4 57. Kd2 Kc4 58. Ke3 d5 59. Kf4 Kxb4 60. Ke5 Kc4 61. Kf4 b4 62. Ke3 Kc3 0-1

[Event "Early-Titled-Tuesday-Blitz-February-13-2024"]
[Site "Chess.com"]
[Date "2024.02.13"]
[Round "11"]
[White "TitarovVasiliYouTube"]
[Black "Fjal"]
[Result "1-0"]
[WhiteElo "2523"]
[BlackElo "2328"]
[TimeControl "180+1"]
[EndTime "10:09:07 PST"]
[Termination "TitarovVasiliYouTube won by resignation"]

1. Nf3 Nf6 2. g3 g6 3. Bg2 Bg7 4. O-O O-O 5. c4 c5 6. Nc3 Nc6 7. d3 d6 8. Rb1 Rb8 9. a3 a6 10. b4 cxb4 11. axb4 b5 12. cxb5 axb5 13. Be3 Ng4 14. Bd2 Bd7 15. Qb3 Be6 16. Qd1 h6 17. h3 Nge5 18. Nxe5 Nxe5 19. Nd5 Qd7 20. Kh2 Rfc8 21. Be3 h5 22. Nb6 Rxb6 23. Bxb6 h4 24. Rc1 Rb8 25. Be3 f5 26. Qd2 Nf7 27.
Rc6 d5 28. Rfc1 d4 29. Bf4 Re8 30. Rc7 Qd8 31. Rb7 Bd5 32. Rb8 Qxb8 33. Bxb8 Bxg2 34. Kxg2 Rxb8 35. Qf4 e5 36. Qxh4 Re8 37. Rc7 g5 38. Qh5 Rf8 39. Qg6 f4 40. Qe6 fxg3 41. fxg3 Bh8 42. Rc8 Rxc8 43. Qxc8+ Kh7 44. Qf5+ Kg8 45. Qg6+ Kf8 46. Qc6 Bf6 47. Qxf6 1-0

[Event "Early-Titled-Tuesday-Blitz-February-13-2024"]
[Site "Chess.com"]
[Date "2024.02.13"]
[Round "11"]
[White "Kirill_Klukin"]
[Black "Vaibhavraut99"]
[Result "1-0"]
[WhiteElo "2822"]
[BlackElo "2684"]
[TimeControl "180+1"]
[EndTime "10:09:09 PST"]
[Termination "Kirill_Klukin won by resignation"]

1. d4 Nf6 2. Nf3 e6 3. e3 b6 4. Bd3 Bb7 5. O-O Be7 6. c4 O-O 7. Nc3 Bb4 8. Qc2 Bxc3 9. bxc3 d6 10. e4 Nfd7 11. Be3 e5 12. Nd2 Nc6 13. a3 Nf6 14. f4 Ng4 15. Rae1 Nxe3 16. Rxe3 exd4 17. Rg3 Qf6 18. e5 dxe5 19. Bxh7+ Kh8 20. Rh3 g6 21.
Bxg6+ Kg7 22. Ne4 Qxg6 23. f5 Qg4 24. Rg3 Qxg3 25. f6+ Kh8 26. Nxg3 Rg8 27. Qf5 Rg6 28. Qh5+ Kg8 29. Nf5 d3 30. Nh6+ Kf8 31. Nxf7 Rxg2+ 32. Kxg2 Nd8+ 33. Kf2 Nxf7 34. Ke3 Rd8 35. Kd2 e4 36.
Qg6 e3+ 37. Kxe3 Re8+ 38. Kd2 Re2+ 39. Kd1 Be4 40. Qg7+ Ke8 41. Qg8+ Kd7 42. Qxf7+ Kc6 43. Qe6+ Kb7 44. Qxe4+ Rxe4 45. f7 1-0

[Event "Early-Titled-Tuesday-Blitz-February-13-2024"]
[Site "Chess.com"]
[Date "2024.02.13"]
[Round "11"]
[White "Inepton_Fermion"]
[Black "HanSchut"]
[Result "1-0"]
[WhiteElo "2393"]
[BlackElo "2256"]
[TimeControl "180+1"]
[EndTime "10:09:09 PST"]
[Termination "Inepton_Fermion won by resignation"]

1. Nf3 Nf6 2. b3 g6 3. Bb2 Bg7 4. g3 O-O 5. Bg2 d5 6. O-O c5 7. d3 Nc6 8. Nbd2 h6 9. e4 Be6 10. Re1 Qd7 11. e5 Ne8 12. c4 Nc7 13. Qe2 Rad8 14.
Rad1 Nb4 15. a3 Nc2 16. Rf1 dxc4 17. dxc4 b5 18. Ne4 Nd4 19. Nxd4 cxd4 20. Nc5 Qc8 21.
cxb5 Bd5 22. Bxd4 Bxg2 23. Kxg2 Ne6 24. Nxe6 Qxe6 25. Bxa7 Qxb3 26. Bc5 Rxd1 27. Rxd1 Bxe5 28. Rd7 Bf6 29. Qd3 Qxd3 30. Rxd3 Rc8 31. Be3 e5 32. b6 e4 33. b7 Rb8 34. Rb3 Be5 35. Ba7 1-0

[Event "Early-Titled-Tuesday-Blitz-February-13-2024"]
[Site "Chess.com"]
[Date "2024.02.13"]
[Round "11"]
[White "ChessBliss09"]
[Black "bylavochka"]
[Result "1-0"]
[WhiteElo "2153"]
[BlackElo "2292"]
[TimeControl "180+1"]
[EndTime "10:09:11 PST"]
[Termination "ChessBliss09 won on time"]

1. c4 Nf6 2. Nc3 e6 3. e4 Be7 4.
e5 Ng8 5. d4 d6 6. f4 Nh6 7.
Nf3 Nf5 8. Bd3 dxe5 9. Bxf5 exf5 10. fxe5 O-O 11. O-O Nc6 12. d5 Nb8 13. Kh1 Re8 14.
Nd4 g6 15. Bf4 Bg5 16. Qf3 a6 17. a4 Nd7 18. e6 Nc5 19. b4 Bf6 20. Nxf5 gxf5 21.
exf7+ Kxf7 22. bxc5 Bxc3 23. Qxc3 Qf6 24. Qh3 Qg6 25.
Bxc7 Re2 26. Rae1 f4 27. Qf3 Rxe1 28. Qxf4+ Ke8 29. Rxe1+ 1-0

[Event "Early-Titled-Tuesday-Blitz-February-13-2024"]
[Site "Chess.com"]
[Date "2024.02.13"]
[Round "11"]
[White "Ready4abattle"]
[Black "RamonManon0g"]
[Result "0-1"]
[WhiteElo "2250"]
[BlackElo "2371"]
[TimeControl "180+1"]
[EndTime "10:09:11 PST"]
[Termination "RamonManon0g won by resignation"]

1. e4 c5 2. Nf3 d6 3. d4 cxd4 4. Nxd4 Nf6 5. Nc3 a6 6. h3 e5 7.
Nde2 h5 8. Bg5 Be7 9. Qd3 Be6 10.
O-O-O Nbd7 11. f4 Qc7 12. Kb1 O-O 13. f5 Bc4 14. Qf3 b5 15. Be3 b4 16. Nd5 Nxd5 17. exd5 Nf6 18. Ng3 Rac8 19. Bxc4 Qxc4 20. Qe2 h4 21. Qxc4 Rxc4 22. Nf1 Rfc8 23. Rd2 Ne4 24.
Re2 Rb8 25. Bc1 Nc3+ 26. bxc3 bxc3+ 27. Ka1 Rcb4 28. Nd2 cxd2 29. Bxd2 Rd4 30. Be3 Rxd5 31. Rb1 Rc8 32. Rb7 Bf6 33. Kb2 e4+ 34. Kb3 Rc3+ 35.
Kb4 Rd1 36. Rb8+ Kh7 37. Ka4 Ra1 38. Rb2 Rxe3 0-1

[Event "Early-Titled-Tuesday-Blitz-February-13-2024"]
[Site "Chess.com"]
[Date "2024.02.13"]
[Round "11"]
[White "jefferyx"]
[Black "GOGIEFF"]
[Result "0-1"]
[WhiteElo "3028"]
[BlackElo "3042"]
[TimeControl "180+1"]
[EndTime "10:09:12 PST"]
[Termination "GOGIEFF won by resignation"]

1. e4 c5 2. Nf3 d6 3. Nc3 Nf6 4.
d4 cxd4 5. Qxd4 Nc6 6. Qd3 g6 7.
Nd5 Bg7 8. c3 Nd7 9. Bg5 h6 10.
Bh4 O-O 11. Rd1 g5 12. Bg3 Nc5 13. Qe3 f5 14. exf5 Bxf5 15. Bc4 Kh8 16. h4 g4 17. Nd4 Nxd4 18. cxd4 Ne4 19. Bf4 Rc8 20. Bb3 Qa5+ 21. Kf1 Bh7 22. Kg1 Nxf2 23. Qxf2 e6 24. Bd2 Qa6 25. Nf4 e5 26. dxe5 dxe5 27. Bc3 Rxc3 28.
bxc3 exf4 29. Rd7 g3 30. Qc5 Qe2 31. Re7 Qd2 32. Qd5 Qxc3 0-1

[Event "Early-Titled-Tuesday-Blitz-February-13-2024"]
[Site "Chess.com"]
[Date "2024.02.13"]
[Round "11"]
[White "ajeale2"]
[Black "Chessdude1987"]
[Result "1-0"]
[WhiteElo "2513"]
[BlackElo "2383"]
[TimeControl "180+1"]
[EndTime "10:09:12 PST"]
[Termination "ajeale2 won by checkmate"]

1. d4 e6 2. Bf4 f5 3. h3 Bd6 4.
Bc1 b5 5. a4 b4 6. Nd2 Bb7 7. Nc4 Nf6 8. Nxd6+ cxd6 9. Nf3 a5 10.
g4 fxg4 11. hxg4 Nxg4 12. Qd3 Qf6 13. Bg5 Qf5 14. Qxf5 exf5 15. Bf4 Ke7 16. Rg1 Na6 17. Nd2 Rhg8 18. Nc4 g5 19. Bxd6+ Ke6 20. Bc5 Nxc5 21. dxc5 Bd5 22. Nb6 Bc6 23. Rd1 Ra7 24. e3 Ke5 25. Bc4 Nf6 26. Bxg8 Nxg8 27. Rxg5 Nf6 28. Rd4 d6 29.
f4+ Ke6 30. Rxd6+ Kf7 31. Rxf5 Re7 32. Rfxf6+ Kg7 33. Rxc6 Rxe3+ 34. Kd2 Re7 35. Rfd6 h5 36. Nd5 Rf7 37. Rg6+ Kh7 38. Rh6+ Kg7 39. Rcg6+ Kf8 40. Rh8# 1-0

[Event "Early-Titled-Tuesday-Blitz-February-13-2024"]
[Site "Chess.com"]
[Date "2024.02.13"]
[Round "11"]
[White "NelsonLinda"]
[Black "AlexeiShirov"]
[Result "0-1"]
[WhiteElo "2613"]
[BlackElo "2863"]
[TimeControl "180+1"]
[EndTime "10:09:13 PST"]
[Termination "AlexeiShirov won on time"]

1. Nf3 d5 2. b3 Bg4 3. Bb2 Nd7 4. e3 e6 5. Be2 Ngf6 6. d4 Bd6 7. O-O O-O 8. Nbd2 Qe7 9. c4 c6 10. h3 Bh5 11. Ne5 Bxe2 12. Qxe2 Ba3 13. Ndf3 Nxe5 14.
Nxe5 a5 15. c5 Bxb2 16. Qxb2 Nd7 17. Nxd7 Qxd7 18. a3 b6 19. b4 Rfb8 20. Qc3 bxc5 21. bxc5 Rb5 22. a4 Rb4 23. Rfb1 Rab8 24. Rxb4 Rxb4 25. Qd2 h5 26. Qd1 g6 27. Qf3 Kg7 28.
Qf4 f6 29. Qf3 e5 30. Qd1 Qf5 31. Qe2 exd4 32. exd4 Qe4 33. Qa6 Qxd4 34. Re1 Rb2 35. Rf1 Qxc5 36. Qc8 Qd6 37. Qa8 Qc7 38. Re1 Rb8 39.
Qa6 Rd8 0-1

[Event "Early-Titled-Tuesday-Blitz-February-13-2024"]
[Site "Chess.com"]
[Date "2024.02.13"]
[Round "11"]
[White "Grossboss19"]
[Black "Schattman"]
[Result "1-0"]
[WhiteElo "2618"]
[BlackElo "2420"]
[TimeControl "180+1"]
[EndTime "10:09:13 PST"]
[Termination "Grossboss19 won on time"]

1. d4 d5 2. c4 e6 3. Nc3 Bb4 4. Bd2 Nf6 5. e3 O-O 6. a3 Be7 7. Nf3 b6 8. cxd5 exd5 9. Bd3 Bb7 10. O-O Nbd7 11. Re1 Ne4 12. Qc2 f5 13. Rac1 Rc8 14. Red1 a6 15. Qb3 Nxc3 16. Bxc3 Kh8 17. Be1 Bd6 18. g3 Qe7 19. Qc2 g6 20. Qe2 Ra8 21. Bb4 Bxb4 22. axb4 Rfc8 23. Qd2 Kg8 24. Rc2 Qd6 25.
Rdc1 a5 26. bxa5 Rxa5 27. b4 Ra3 28. Ne1 h5 29. h4 Ra4 30. Bb5 Ra3 31. Bc6 Bxc6 32.
Rxc6 Qe7 33. Rxg6+ Kh7 34. Rgc6 Nf6 35. Nf3 Ne4 36.
Qe2 Kg8 37. Ne5 Qe8 38. Rg6+ 1-0

[Event "Early-Titled-Tuesday-Blitz-February-13-2024"]
[Site "Chess.com"]
[Date "2024.02.13"]
[Round "11"]
[White "Hilary46"]
[Black "sansanathalia"]
[Result "1-0"]
[WhiteElo "2612"]
[BlackElo "2380"]
[TimeControl "180+1"]
[EndTime "10:09:14 PST"]
[Termination "Hilary46 won by resignation"]

1. e4 c5 2. Nf3 d6 3. d4 cxd4 4. Nxd4 Nf6 5. Nc3 a6 6. Bg5 e6 7. f4 Be7 8. Qf3 Qc7 9. O-O-O Bd7 10. f5 Nc6 11. fxe6 fxe6 12. Nxc6 Bxc6 13. Bc4 Bd7 14.
Bb3 O-O-O 15. Qh3 e5 16. Be6 h6 17. Bxf6 Bxf6 18. Nd5 Qc6 19. Rhf1 Bxe6 20. Qxe6+ Kb8 21.
Kb1 Bg5 22. Rf7 Rhe8 23. Qg6 Rc8 24. c3 b5 25. Rxg7 a5 26. Qf7 Qa6 27. g3 b4 28.
h4 bxc3 29. Nxc3 Rxc3 30. bxc3 Qb6+ 31. Ka1 Bc1 1-0

[Event "Early-Titled-Tuesday-Blitz-February-13-2024"]
[Site "Chess.com"]
[Date "2024.02.13"]
[Round "11"]
[White "Cosi43"]
[Black "PedroGil25"]
[Result "1-0"]
[WhiteElo "2623"]
[BlackElo "2448"]
[TimeControl "180+1"]
[EndTime "10:09:15 PST"]
[Termination "Cosi43 won by resignation"]

1. d4 Nf6 2. Nf3 d5 3. e3 c5 4.
dxc5 e6 5. b3 Bxc5 6. Bb2 Nc6 7.
Bd3 O-O 8. O-O Qe7 9. Ne5 Bd6 10. Nxc6 bxc6 11. Nd2 e5 12. e4 Bg4 13. f3 Bh5 14. c4 d4 15. Qc2 Bg6 16. Rac1 Nd7 17. Rf2 a5 18. f4 exf4 19. Bxd4 Bc5 20. Nf3 Rad8 21.
Qc3 Bxd4 22. Nxd4 Qc5 23. Nf3 Rfe8 24. Re1 Bh5 25. Kf1 Bxf3 26. gxf3 Ne5 27. Bc2 Re6 28. Rd1 Rxd1+ 29. Bxd1 Rd6 30. Rd2 Rxd2 31. Qxd2 g6 32. Qxf4 Qd4 33. Qc1 h5 34. Be2 h4 35. Qd1 Qb2 36. Qe1 g5 37. Qxa5 Qa1+ 38. Kg2 Qb2 39. Kf1 Qa1+ 40. Kf2 Qd4+ 41. Ke1 Qe3 42. Qxe5 1-0

[Event "Early-Titled-Tuesday-Blitz-February-13-2024"]
[Site "Chess.com"]
[Date "2024.02.13"]
[Round "11"]
[White "WiktoriaPOL"]
[Black "LileKoridze"]
[Result "0-1"]
[WhiteElo "2278"]
[BlackElo "2420"]
[TimeControl "180+1"]
[EndTime "10:09:15 PST"]
[Termination "LileKoridze won on time"]

1. c4 e5 2. Nc3 Nf6 3. Nf3 Nc6 4. e4 Bb4 5. d3 O-O 6. a3 Be7 7. b4 d6 8. g3 h6 9. Bg2 Bg4 10. h3 Bh5 11. Be3 Nd4 12. g4 Nxf3+ 13. Qxf3 Bg6 14.
Qg3 c6 15. h4 h5 16. Bf3 a5 17. b5 cxb5 18. Nxb5 Qd7 19. Rg1 hxg4 20. Bxg4 Nxg4 21.
Qxg4 Qxg4 22. Rxg4 Kh7 23. O-O-O f5 24. Rg2 fxe4 25.
Rdg1 Bf7 26. Rxg7+ Kh8 27. dxe4 Rg8 28. Bh6 Bxc4 29.
Nc3 Rxg7 30. Rxg7 Bxh4 31. Rxb7 Bxf2 32. Rd7 Rc8 33. Rxd6 Bc5 34. Rd7 Bxa3+ 35. Kd2 Bb4 36. Bg7+ Kg8 37. Bxe5 a4 38. Ra7 a3 39. Ra4 a2 40.
Kc2 Bb5 41. Ra7 Bc4 42. Kb2 Rb8 0-1

[Event "Early-Titled-Tuesday-Blitz-February-13-2024"]
[Site "Chess.com"]
[Date "2024.02.13"]
[Round "11"]
[White "KbzasDavid16"]
[Black "m_ezat"]
[Result "1-0"]
[WhiteElo "2567"]
[BlackElo "2443"]
[TimeControl "180+1"]
[EndTime "10:09:18 PST"]
[Termination "KbzasDavid16 won by checkmate"]

1. d4 Nf6 2. Nf3 g6 3. c4 Bg7 4. g3 O-O 5. Bg2 d5 6. cxd5 Nxd5 7. O-O Nb6 8. Nc3 Nc6 9. h3 e5 10. d5 Na5 11. Qc2 c6 12. b4 Nac4 13. dxc6 bxc6 14. Rd1 Qe7 15. a4 Bf5 16. e4 Be6 17. Ng5 Qxb4 18. Nxe6 fxe6 19. a5 Nc8 20. Ra4 Qc5 21. Nb1 N8d6 22.
Ba3 Qb5 23. Bxd6 Rfd8 24. Rxc4 Qxa5 25. Rxc6 Qb5 26. Rc1 Bh6 27. Re1 Qa5 28. Qc3 Qb5 29.
Bxe5 a5 30. Rc7 a4 31. Na3 Bd2 32. Nxb5 Bxc3 33. Bxc3 a3 34. Ra1 Kf8 35. Bb4+ Kg8 36. Rxa3 Rab8 37. Raa7 Rd1+ 38. Kh2 Rd6 39. Bxd6 Rb7 40.
Raxb7 h5 41. Rb8# 1-0

[Event "Early-Titled-Tuesday-Blitz-February-13-2024"]
[Site "Chess.com"]
[Date "2024.02.13"]
[Round "11"]
[White "Payyappat"]
[Black "GrumbleBruno"]
[Result "1-0"]
[WhiteElo "2571"]
[BlackElo "2461"]
[TimeControl "180+1"]
[EndTime "10:09:19 PST"]
[Termination "Payyappat won on time"]

1. e4 e5 2. Nf3 d5 3. exd5 e4 4. Qe2 Nf6 5. d3 Bb4+ 6. c3 O-O 7. dxe4 Be7 8. Qc2 Re8 9. Be3 c6 10. Bd3 cxd5 11. e5 Ng4 12. Bxh7+ Kh8 13. Nbd2 Nxe3 14.
fxe3 Bg5 15. O-O-O Bxe3 16. Rde1 Bh6 17. Bf5 Nc6 18. g4 Bf4 19. Rhf1 Nxe5 20. Nxe5 Rxe5 21. Rxe5 Bxe5 22. Bxc8 Rxc8 23. Rf5 Bf6 24. Rh5+ Kg8 25. Qh7+ Kf8 26. g5 Bxc3 27. bxc3 Rxc3+ 28. Kd1 Ra3 29. g6 Qa5 30. Re5 Qa4+ 31. Ke1 fxg6 32. Qh8+ 1-0

[Event "Early-Titled-Tuesday-Blitz-February-13-2024"]
[Site "Chess.com"]
[Date "2024.02.13"]
[Round "11"]
[White "ClaudiaSof"]
[Black "AsaHoffmann"]
[Result "1/2-1/2"]
[WhiteElo "2328"]
[BlackElo "2418"]
[TimeControl "180+1"]
[EndTime "10:09:19 PST"]
[Termination "Game drawn by repetition"]

1. d4 Nf6 2. Bf4 c5 3. e3 b6 4. Nf3 Bb7 5. c3 d6 6. Nbd2 Nbd7 7. h3 g6 8. Bd3 Bg7 9. O-O O-O 10. e4 Re8 11. e5 Nd5 12. Bh2 dxe5 13. dxe5 e6 14. Ne4 Bc6 15. Nd6 Rf8 16. Qe2 Qc7 17.
Rad1 Rad8 18. c4 Nb4 19. Be4 Nxa2 20. Bxc6 Qxc6 21. Ra1 Nb4 22. Rxa7 Ra8 23. Rfa1 Rxa7 24. Rxa7 Ra8 25. Rxa8+ Qxa8 26. Bf4 h6 27. Qd2 Kh7 28.
Nxf7 Qe4 29. Bxh6 Qd3 30. Qf4 Qf5 31. Qh4 Kg8 32. Bxg7 Kxg7 33. N7g5 Nf8 34. Qg4 Nd3 35. Qxf5 gxf5 36. b3 Nc1 37. Nd2 Kg6 38. Ngf3 Nd7 39. Nh4+ Kf7 40. f4 Nd3 41. g3 Nb8 42. Nhf3 Nc6 43. Kf1 Na5 44. Ne1 Nc1 45. Kf2 Ncxb3 46. Nxb3 Nxb3 47. Ke3 Na5 48. Kd3 Nc6 49. Nf3 Ke7 50. Kc3 Kf7 51. Ng5+ Ke7 52. Nf3 Kf7 53. Ng5+ Ke7 54. Nf3 1/2-1/2

[Event "Early-Titled-Tuesday-Blitz-February-13-2024"]
[Site "Chess.com"]
[Date "2024.02.13"]
[Round "11"]
[White "ExtremeLearner"]
[Black "secretsuperstar7"]
[Result "0-1"]
[WhiteElo "2386"]
[BlackElo "2529"]
[TimeControl "180+1"]
[EndTime "10:09:20 PST"]
[Termination "secretsuperstar7 won by checkmate"]

1. d4 Nf6 2. c4 e6 3. Nc3 Bb4 4. a3 Bxc3+ 5. bxc3 c5 6. f3 d5 7. cxd5 Nxd5 8. dxc5 Qa5 9. e4 Nf6 10. Be3 Na6 11.
Qd4 O-O 12. Ne2 Rd8 13. Qc4 e5 14. Qb3 Be6 15. Qc2 Nxc5 16. Kf2 Ncxe4+ 17. fxe4 Ng4+ 18. Kf3 Nxe3 19. Kxe3 Qc5+ 20. Kf3 f5 21. exf5 e4+ 22. Kg3 Qe3+ 23. Kh4 Bxf5 24. Qb3+ Kh8 25. g4 g5+ 26. Kh5 Bg6+ 27. Kh6 Rd6 28. Qb4 Rad8 29. Rd1 Rxd1 30. Ng3 R1d6 31. Qxb7 Bf7# 0-1

[Event "Early-Titled-Tuesday-Blitz-February-13-2024"]
[Site "Chess.com"]
[Date "2024.02.13"]
[Round "11"]
[White "Ariadna_Atreides"]
[Black "maurovargas01"]
[Result "1-0"]
[WhiteElo "2146"]
[BlackElo "1880"]
[TimeControl "180+1"]
[EndTime "10:09:20 PST"]
[Termination "Ariadna_Atreides won on time"]

1. d4 d5 2. Nf3 e6 3. e3 f5 4.
c4 c6 5. Bd3 Nf6 6. O-O Bd6 7.
a3 O-O 8. b4 Nbd7 9. b5 Ne4 10.
Bb2 Ndf6 11. Ne5 Bd7 12. f3 Ng5 13. Nd2 Nf7 14. a4 Be8 15. f4 Ne4 16. Nxe4 fxe4 17. Be2 Nh6 18. Ba3 Bxa3 19. Rxa3 Qe7 20. c5 cxb5 21.
axb5 Bf7 22. Qa1 Rfc8 23. Rxa7 Rxa7 24. Qxa7 Nf5 25. c6 bxc6 26. Nxc6 Qh4 27. g3 1-0

[Event "Early-Titled-Tuesday-Blitz-February-13-2024"]
[Site "Chess.com"]
[Date "2024.02.13"]
[Round "11"]
[White "GM_dmitrij"]
[Black "AryanTari"]
[Result "1-0"]
[WhiteElo "3061"]
[BlackElo "2935"]
[TimeControl "180+1"]
[EndTime "10:09:21 PST"]
[Termination "GM_dmitrij won on time"]

1. d4 d5 2. c4 e6 3. Nf3 Nf6 4.
g3 dxc4 5. Bg2 c5 6. O-O Nc6 7. Na3 cxd4 8. Nxc4 Bc5 9. a3 a5 10.
Bf4 Nd5 11. Be5 Nxe5 12. Ncxe5 O-O 13. Nxd4 a4 14. Rc1 Qb6 15. e3 Bxd4 16. Qxd4 Qxd4 17. exd4 f6 18. Nd3 Rd8 19. Rfe1 Kf7 20. h4 Ra5 21. Rc4 Bd7 22. Bxd5 Rxd5 23. Nc5 b6 24. Ne4 Be8 25.
Rc7+ R8d7 26. Rc6 Rxd4 27. Rxb6 e5 28. h5 Ke7 29. h6 f5 30. hxg7 Kf7 31. Nf6 1-0

[Event "Early-Titled-Tuesday-Blitz-February-13-2024"]
[Site "Chess.com"]
[Date "2024.02.13"]
[Round "11"]
[White "amiqu"]
[Black "Rozhkov_V"]
[Result "1-0"]
[WhiteElo "2131"]
[BlackElo "2397"]
[TimeControl "180+1"]
[EndTime "10:09:21 PST"]
[Termination "amiqu won by checkmate"]

1. d4 d5 2. c4 dxc4 3. e4 Nf6 4.
e5 Nd5 5. Bxc4 Nb6 6. Bd3 Nc6 7. Be3 Nb4 8. Be4 f5 9. exf6 exf6 10. Nc3 f5 11. Bb1 N4d5 12. Nge2 Nxe3 13. fxe3 Nd5 14. Nxd5 Qxd5 15. Nf4 Bb4+ 16. Kf2 Qb5 17. Qh5+ Kf8 18. Ng6+ hxg6 19. Qxh8+ Kf7 20. a3 Bd6 21. Ba2+ Kf6 22. Qd8+ Be7 23. Qxc7 Qxb2+ 24. Kf3 g5 25. Qe5+ Kg6 26.
Qxe7 b6 27. Qf7+ Kh6 28. h4 g4+ 29. Kg3 Qe2 30. Qe7 Bb7 31. Qg5+ Kh7 32. Qh5# 1-0

[Event "Early-Titled-Tuesday-Blitz-February-13-2024"]
[Site "Chess.com"]
[Date "2024.02.13"]
[Round "11"]
[White "GianmarcoVaR"]
[Black "TigrVShlyape"]
[Result "0-1"]
[WhiteElo "2718"]
[BlackElo "2861"]
[TimeControl "180+1"]
[EndTime "10:09:22 PST"]
[Termination "TigrVShlyape won on time"]

1. e4 e5 2. Nf3 Nc6 3. Bc4 Nf6 4. d3 Bc5 5. O-O O-O 6. Re1 a5 7. h3 h6 8. c3 d6 9. Nbd2 a4 10. Nf1 Be6 11. Bb5 a3 12. d4 axb2 13. Bxb2 Bb6 14.
Bxc6 bxc6 15. dxe5 dxe5 16. Nxe5 Qxd1 17. Rexd1 Nxe4 18.
Ne3 Bxe3 19. fxe3 Rfb8 20. Bc1 Rxa2 21. Rxa2 Bxa2 22. Ba3 c5 23. Ra1 Be6 24. Nd3 c4 25. Nc5 Nxc3 26. Nxe6 fxe6 27. Kf2 Ra8 28. Bb2 Rxa1 29.
Bxa1 Nb5 30. Be5 h5 31. g4 hxg4 32. hxg4 Kf7 33. Ke2 g6 34. Kd2 Ke7 35. e4 Kd7 36.
Kc2 Kc6 37. Kb2 Kc5 38. Kc2 Nd6 0-1

[Event "Early-Titled-Tuesday-Blitz-February-13-2024"]
[Site "Chess.com"]
[Date "2024.02.13"]
[Round "11"]
[White "Leonid_Starozhilov"]
[Black "GasconJR"]
[Result "1-0"]
[WhiteElo "2724"]
[BlackElo "2571"]
[TimeControl "180+1"]
[EndTime "10:09:23 PST"]
[Termination "Leonid_Starozhilov won by resignation"]

1. c4 e6 2. d4 Nf6 3. Nf3 b6 4. g3 Bb7 5. Bg2 Be7 6. O-O O-O 7. d5 exd5 8. Nh4 c6 9. cxd5 Nxd5 10. Nf5 Nc7 11. e4 d5 12. Nc3 Bc8 13. Nxe7+ Qxe7 14. exd5 Rd8 15. Re1 Qf8 16. Bg5 f6 17. Bf4 Nxd5 18.
Nxd5 cxd5 19. Qxd5+ Rxd5 20. Bxd5+ Kh8 21. Bd6 Qd8 22.
Bxa8 h5 23. Rad1 Nd7 24. Bc6 Qg8 25. Re7 Qh7 26. Re8+ 1-0